 Dungeon Crawl Stone Soup version 0.20-a0-1127-g1289703 (webtiles) character file.

343751 Zwobot the Warrior (level 21, 228/228 HPs)
             Began as an Ogre Fire Elementalist on Jan 11, 2017.
             Was the Champion of Vehumet.
             Quit the game on level 1 of the Lair of Beasts on May 18, 2017.
             The game lasted 04:27:22 (53146 turns).

Zwobot the Warrior (Ogre Fire Elementalist)        Turns: 53146, Time: 04:27:23

Health: 228/228    AC: 22    Str: 18    XL:     21   Next: 65%
Magic:  40/40      EV:  9    Int: 23    God:    Vehumet [******]
Gold:   3183       SH: 10    Dex:  9    Spells: 8/50 levels left

rFire    + . .     SeeInvis +   b - staff of energy
rCold    . . .     Gourm    .   o - +0 shield {reflect}
rNeg     . . .     Faith    .   S - +6 storm dragon scales {Bai Suzhen}
rPois    .         Spirit   .   X - +1 hat {SInv}
rElec    +         Reflect  +   F - +2 cloak {MR+}
rCorr    .         Harm     .   (gloves unavailable)
MR       ++++.                  (boots unavailable)
Stlth    ..........             Q - amulet of magic regeneration
Regen    0.5/turn               P - ring of wizardry
MPRegen  0.4/turn               c - ring "Ecocsuac" {rF+ MR+}

@: delayed fireball
A: unfitting armour, icy blue scales 1, deformed body, tough skin 1
}: 3/15 runes: decaying, serpentine, abyssal
a: Renounce Religion, Release Delayed Fireball


You were on level 1 of the Lair of Beasts.
You worshipped Vehumet.
Vehumet was exalted by your worship.
You were not hungry.

You visited 7 branches of the dungeon, and saw 35 of its levels.
You visited the Abyss 1 time.
You also visited: Labyrinth and Ice Cave.

You collected 3663 gold pieces.
You spent 480 gold pieces at shops.

Inventory:

Hand Weapons
 a - a +9 eveningstar of protection
Armour
 o - a +0 shield of reflection (worn)
 F - a +2 cloak of magic resistance (worn)
 S - +6 storm dragon scales (worn) {Bai Suzhen}
 X - a +1 hat of see invisible (worn)
Magical Staves
 b - an uncursed staff of energy (weapon)
 V - an uncursed staff of conjuration
Jewellery
 c - the ring "Ecocsuac" (right hand) {rF+ MR+}
   (You took it off a deep elf high priest on level 3 of the Elven Halls)

   [ring of protection from magic]

   It protects you from fire.
   It affects your resistance to hostile enchantments.
 f - an uncursed ring of resist corrosion
 M - an uncursed ring of magical power
 P - a ring of wizardry (left hand)
 Q - an amulet of magic regeneration (around neck)
Wands
 l - a wand of disintegration (7/24)
 r - a wand of paralysis (16/24)
 C - a wand of confusion (23/48)
 H - a wand of clouds (0/9)
 I - a wand of digging (9/24)
 Y - a wand of acid (5/15)
Scrolls
 g - a scroll of identify
 i - 5 scrolls of amnesia
 j - 10 scrolls of remove curse
 n - 7 scrolls of magic mapping
 u - 4 scrolls of fear
 v - a scroll of summoning
 y - 9 scrolls of teleportation
 E - 4 scrolls of immolation
 J - 2 scrolls of recharging
Potions
 k - 9 potions of flight
 q - 8 potions of curing
 w - a potion of ambrosia
 x - 2 potions of invisibility
 z - 10 potions of heal wounds
 A - 7 potions of lignification
 B - 3 potions of might
 D - 3 potions of resistance
 G - a potion of haste
 L - 2 potions of brilliance
 R - 3 potions of mutation
 T - 2 potions of magic
 U - 3 potions of cancellation
Miscellaneous
 d - 2 boxes of beasts
Comestibles
 h - 10 meat rations
 m - 5 royal jellies
 t - 2 bread rations


   Skills:
 + Level 17.9 Fighting
 - Level 16.0 Maces & Flails
 + Level 9.7 Armour
 - Level 10.4 Dodging
 - Level 1.5 Stealth
 - Level 9.0 Shields
 - Level 15.1 Spellcasting
 - Level 13.3 Conjurations
 - Level 4.0 Necromancy
 - Level 12.7 Fire Magic
 - Level 7.0 Poison Magic


You had 8 spell levels left.
You knew the following spells:

 Your Spells              Type           Power        Failure   Level  Hunger
a - Bolt of Fire          Conj/Fire      ######....   2%          6    None
b - Conjure Flame         Conj/Fire      ######..     1%          3    None
c - Poison Arrow          Conj/Pois      ######....   8%          6    None
d - Sticky Flame          Conj/Fire      ######..     1%          4    None
e - Fireball              Conj/Fire      ######....   1%          5    None
f - Dazzling Spray        Conj/Hex       #####.       1%          3    None
g - Animate Dead          Necr           N/A          22%         4    None
h - Flame Tongue          Conj/Fire      #####        1%          1    None
i - Blink                 Tloc           N/A          17%         2    None
j - Repel Missiles        Chrm/Air       ###...       17%         2    None
k - Delayed Fireball      Conj/Fire      N/A          13%         7    None
l - Summon Butterflies    Summ           ###.....     12%         1    None
m - Regeneration          Chrm/Necr      ####......   16%         3    None


Dungeon Overview and Level Annotations

Branches:
Dungeon (15/15)            Temple (1/1) D:5            Lair (6/6) D:11
  Swamp (4/4) Lair:2        Snake (4/4) Lair:2        Slime (0/5) Lair:6
    Orc (2/2) D:10            Elf (3/3) Orc:2        Vaults (0/5) D:14
 Depths (0/5) D:15

Altars:
Ashenzari
Cheibriados
Dithmenos
Elyvilon
Fedhas
Gozag
Hepliaklqana
Kikubaaqudgha
Makhleb
Nemelex Xobeh
Okawaru
Qazlal
Ru
Sif Muna
Trog
Uskayaw
Vehumet
Xom
Yredelemnul
Zin
The Shining One

Shops:
D:8 %   Orc:2 (([*=   Elf:2 }   Elf:3 [   Snake:3 *

Annotations:
D:8 exclusion: obsidian statue
Elf:1 exclusion: Roxanne, Roxanne
Elf:2 5 runed doors


Innate Abilities, Weirdness & Mutations

You are too large for most types of armour.
You have tough skin. (AC +1)
You are partially covered in icy blue scales. (AC +2)
Armour fits poorly on your strangely shaped body.


Message History

Okay, then. (m)acro, (M)acro raw, keymap [(k) default, (x) level-map, (t)argeting, (c)onfirm, m(e)nu], (s)ave?
Input default keymap trigger key: \{19} Input default keymap action:
Okay, then.
Unknown command.
Unknown command.
Unknown command.
Unknown command.
Unknown command.
Unknown command.
Unknown command.
Unknown command.
Unknown command.
Unknown command. (m)acro, (M)acro raw, keymap [(k) default, (x) level-map, (t)argeting, (c)onfirm, m(e)nu], (s)ave?
Input default keymap trigger key: \{-1011} Input default keymap action: \{17} Created default keymap '\{-1011}' => '\{17}'.
Are you sure you want to abandon this character and quit the game? (Confirm with "yes".)

##......................
#.......................
#.......................
#..........)............
##.......................
#........................
#........................
##.......................
#.......@................
##.......................
###....).........###......
#.........................
#..........###.#..........
##............#####.P.##.#
##............# ########
##...........##
#............#


There were no monsters in sight!

Vanquished Creatures
  Bai Suzhen (Elf:3)
  Vashnia (Snake:4)
  Nikola (Snake:4)
  Jorgrun (Snake:4)
  Rupert (Lair:5)
  Asterion (Snake:4)
  3 deep elf master archers (Elf:3)
  A deep elf blademaster (Elf:3)
  Gastronok (D:11)
  3 tentacled starspawn (Abyss:3)
  Kirke (Lair:4)
  A thorn hunter (Swamp:4)
  Donald (Swamp:3)
  9 nagarajas
  An orc warlord (Orc:2)
  10 deep elf sorcerers
  A frost giant (IceCv)
  A deep elf elementalist (Elf:3)
  Louise (Snake:2)
  A very ugly thing (Swamp:2)
  8 deep elf demonologists
  5 deep elf annihilators
  A blizzard demon (Abyss:3)
  Josephine (Orc:1)
  A minotaur (Lab)
  6 deep elf death magi
  Snorg (D:10)
  7 deep elf high priests (Elf:3)
  A great orb of eyes (D:13)
  2 ogre magi (Orc:2)
  16 hydras
  Erolcha (D:10)
  16 anacondas
  5 centaur warriors
  22 naga warriors
  17 two-headed ogres
  13 dancing weapons
  9 alligators
  A tengu warrior (D:14)
  5 death yaks (Lair:5)
  4 thrashing horrors (Abyss:3)
  20 naga sharpshooters
  5 shock serpents
  A sun demon (Abyss:3)
  14 deep elf knights
  4 hell knights (D:13)
  3 salamander mystics
  3 small abominations
  A large abomination (Abyss:3)
  An anaconda zombie (Abyss:3)
  4 unseen horrors
  Pikel (D:7)
  12 deep elf archers
  12 swamp dragons
  14 naga ritualists
  4 shambling mangroves
  3 wizards
  2 lindwurms (Swamp:4)
  3 necromancers (D:13)
  7 oklob plants
  17 mana vipers
  3 orc knights
  10 ugly things
  3 orc sorcerers
  41 deep elf magi
  3 elephants
  15 salamanders
  2 moths of wrath (shapeshifter) (D:15)
  A cyclops (D:13)
  5 manticores
  2 ice statues
  46 black mambas
  A centaur zombie (D:14)
  6 guardian serpents
  A frost giant skeleton (Abyss:3)
  A rust devil (D:13)
  A gargoyle (D:15)
  An orange demon (D:13)
  35 naga magi
  22 spiny frogs
  2 kobold demonologists (D:14)
  An efreet (D:14)
  16 komodo dragons
  3 rime drakes
  A freezing wraith (D:14)
  2 ice devils (D:13)
  An ancient zyme (Abyss:3)
  A tengu conjurer (D:14)
  20 polar bears
  A merfolk (D:10)
  10 trolls
  3 tyrant leeches
  A raiju (shapeshifter) (D:11)
  8 bog bodies
  A hornet (shapeshifter) (Elf:2)
  17 hornets
  A dream sheep (shapeshifter) (Elf:2)
  A blink frog (shapeshifter) (D:14)
  4 raiju (Abyss:3)
  7 hippogriffs
  12 blink frogs
  19 slime creatures
  5 dream sheep
  14 spriggans
  4 shadows
  4 air elementals
  A centaur simulacrum (D:15)
  5 flying skulls (Abyss:3)
  3 water elementals
  A fire elemental (Lair:3)
  87 yaks
  3 wyverns
  5 wraiths
  3 hogs (Lair:5)
  A neqoxec (Abyss:3)
  A vampire (D:14)
  A human (shapeshifter) (Elf:1)
  A hungry ghost (D:8)
  17 humans
  12 vampire mosquitoes
  3 basilisks
  8 insubstantial wisps
  16 swamp worms
  Menkaure (D:6)
  A soldier ant (D:13)
  2 wargs
  55 nagas
  25 water moccasins
  5 hell hounds (D:13)
  Duvessa (D:5)
  9 swamp drakes
  2 acid dragons
  13 porcupines
  4 sky beasts
  3 black bears
  16 orc warriors
  A meliai simulacrum (D:15)
  27 ogres
  3 eyes of draining
  10 ice beasts
  A necrophage (D:11)
  7 boggarts
  34 wolves
  2 phantoms
  14 centaurs
  13 crocodiles
  16 bullfrogs
  A wyvern zombie (D:15)
  4 earth elementals
  A wyvern skeleton (D:12)
  16 killer bees
  4 scorpions
  Dowan (D:5)
  2 howler monkeys (D:9)
  4 electric eels
  3 crimson imps
  A starcursed mass (Abyss:3)
  A bullfrog zombie (D:10)
  A quasit (D:13)
  11 hounds
  20 orc priests
  6 jellies
  14 orc wizards
  3 bullfrog skeletons (D:13)
  8 centaur skeletons
  12 iguanas
  10 worker ants
  6 hell rats (Lair:4)
  A killer bee zombie (D:8)
  2 hound zombies
  A hound skeleton (D:4)
  8 gnolls
  16 adders
  6 shadow imps
  3 white imps (D:13)
  4 ufetubi (D:13)
  3 oozes
  A worm (D:2)
  A dart slug (D:1)
  9 leopard geckos
  62 orcs
  3 giant cockroaches
  10 goblins
  11 hobgoblins
  12 jackals
  2 quokkas
  3 ball pythons
  9 bats
  10 frilled lizards
  A jackal zombie (D:8)
  11 kobolds
  A quokka skeleton (D:5)
  2 quokka zombies
  9 rats
  3 crawling corpses (Elf:3)
  5 plants
1443 creatures vanquished.

Vanquished Creatures (collateral kills)
  A hydra (Swamp:4)
  A naga warrior (Snake:4)
  A ghost crab (Swamp:4)
  2 ogre magi (Orc:2)
  2 two-headed ogres (Orc:2)
  A centaur warrior (D:14)
  2 alligators
  2 swamp dragons (Swamp:4)
  A lindwurm (Swamp:4)
  A mana viper (Snake:1)
  A wizard (D:15)
  An orc sorcerer (Orc:2)
  A black mamba (Snake:1)
  2 spiny frogs
  A polar bear (Lair:6)
  2 tyrant leeches (Swamp:4)
  2 hornets
  8 blink frogs
  A hippogriff (Lair:6)
  2 spriggans
  A basilisk (D:15)
  2 vampire mosquitoes (Swamp:2)
  2 insubstantial wisps (Swamp:2)
  4 swamp worms
  A naga (Snake:1)
  A hell hound (D:13)
  2 swamp drakes (Swamp:4)
  2 orc warriors (Orc:2)
  7 ogres (Orc:2)
  A wolf (Lair:6)
  A crocodile (Lair:6)
  3 orcs (Orc:2)
  A plant (Lair:6)
63 creatures vanquished.

Vanquished Creatures (others)
  A hydra (Swamp:4)
  2 naga sharpshooters (Snake:4)
  A deep elf knight (Elf:3)
  A swamp dragon (Swamp:4)
  A deep elf archer (Elf:2)
  A deep elf mage (Elf:2)
  A tyrant leech (Swamp:1)
  A hornet (Swamp:4)
  A water elemental (Elf:2)
  A naga (Snake:4)
  A kobold (D:10)
  15 fungi
  2 lurking horrors (Abyss:3)
  11 plants
  18 starspawn tentacles (Abyss:3)
58 creatures vanquished.

Grand Total: 1564 creatures vanquished

Notes
Turn   | Place    | Note
-------+----------+-------------------------------------------
     0 | D:1      | Zwobot the Ogre Fire Elementalist began the quest for the Orb.
     0 | D:1      | Reached XP level 1. HP: 16/16 MP: 3/3
    67 | D:1      | Reached skill level 1 in Conjurations
   307 | D:1      | Reached XP level 2. HP: 24/24 MP: 2/5
   662 | D:1      | Reached XP level 3. HP: 31/31 MP: 1/6
  1530 | D:2      | Reached XP level 4. HP: 36/39 MP: 6/8
  1662 | D:2      | Learned a level 3 spell: Conjure Flame
  1665 | D:2      | Learned a level 2 spell: Throw Flame
  2844 | D:3      | Noticed a phantom
  2897 | D:3      | Killed a phantom
  2897 | D:3      | Reached XP level 5. HP: 38/45 MP: 1/10
  3046 | D:3      | Found a radiant altar of Vehumet.
  3054 | D:3      | Became a worshipper of Vehumet
  3250 | D:3      | Reached XP level 6. HP: 44/53 MP: 0/11
  3343 | D:3      | Learned a level 4 spell: Sticky Flame
  3566 | D:4      | Found a sparkling altar of Nemelex Xobeh.
  3575 | D:4      | Found a bloodstained altar of Trog.
  3575 | D:4      | Found a basalt altar of Yredelemnul.
  3833 | D:4      | Reached * piety under Vehumet
  3833 | D:4      | Offered knowledge of Sandblast by Vehumet.
  4023 | D:4      | Reached skill level 5 in Fire Magic
  4023 | D:4      | Reached XP level 7. HP: 26/59 MP: 1/13
  4679 | D:5      | Entered Level 5 of the Dungeon
  4812 | D:5      | Noticed Dowan
  4825 | D:5      | Killed Dowan
  5184 | D:5      | Learned a level 5 spell: Fireball
  5276 | D:5      | Noticed Duvessa
  5280 | D:5      | Killed Duvessa
  5280 | D:5      | Reached skill level 5 in Conjurations
  5280 | D:5      | Reached XP level 8. HP: 60/67 MP: 2/14
  5521 | D:5      | Reached skill level 1 in Fighting
  5558 | D:5      | Found a staircase to the Ecumenical Temple.
  5580 | Temple   | Entered the Ecumenical Temple
  5979 | D:5      | Reached skill level 2 in Fighting
  6178 | D:6      | Noticed Menkaure
  6293 | D:6      | Killed Menkaure
  6293 | D:6      | Reached skill level 3 in Fighting
  6880 | D:6      | Reached skill level 4 in Fighting
  6880 | D:6      | Reached XP level 9. HP: 84/84 MP: 7/15
  7459 | D:7      | Noticed Pikel
  7487 | D:7      | Killed Pikel
  7487 | D:7      | Reached skill level 5 in Fighting
  7648 | D:7      | Noticed a dagger
  7649 | D:7      | Found a hide-covered altar of Uskayaw.
  7650 | D:7      | Noticed a hand axe
  7797 | D:7      | Reached ** piety under Vehumet
  7797 | D:7      | Offered knowledge of Sting by Vehumet.
  8128 | D:7      | Found a hazy altar of Hepliaklqana.
  8209 | D:8      | Found Caingijots's Food Shoppe.
  8231 | D:8      | Reached skill level 6 in Fighting
  8530 | D:8      | Reached XP level 10. HP: 87/98 MP: 13/17
  8539 | D:8      | Reached skill level 5 in Spellcasting
  9031 | D:8      | Offered knowledge of Stone Arrow by Vehumet.
  9040 | D:8      | Noticed a two-headed ogre
  9053 | D:8      | Killed a two-headed ogre
  9053 | D:8      | Reached skill level 7 in Fighting
  9202 | D:8      | Noticed an ice statue
  9284 | D:8      | Killed an ice statue
  9409 | D:8      | Noticed an obsidian statue
  9415 | D:8      | Noticed a rust devil
  9415 | D:8      | Noticed a rust devil
  9566 | D:9      | Noticed a two-headed ogre
  9575 | D:9      | Killed a two-headed ogre
  9742 | D:9      | Reached *** piety under Vehumet
  9805 | D:9      | Found a hazy altar of Hepliaklqana.
 10042 | D:9      | Reached XP level 11. HP: 111/111 MP: 13/20
 10231 | D:10     | Entered Level 10 of the Dungeon
 10296 | D:10     | Found a staircase to the Orcish Mines.
 10314 | D:10     | Reached skill level 8 in Fighting
 10397 | D:10     | Reached skill level 10 in Conjurations
 10890 | D:10     | Noticed Erolcha
 10914 | D:11     | Offered knowledge of Dazzling Spray by Vehumet.
 10925 | D:11     | Reached skill level 10 in Fire Magic
 10936 | D:10     | Noticed Snorg
 11108 | D:11     | Found a staircase to the Lair.
 11390 | D:11     | Noticed Gastronok
 11413 | D:11     | Killed Gastronok
 11413 | D:11     | Reached **** piety under Vehumet
 11413 | D:11     | Reached skill level 9 in Fighting
 11544 | D:11     | Learned a level 3 spell: Dazzling Spray
 11637 | D:11     | Noticed a cyan ugly thing
 11657 | D:11     | Killed a cyan ugly thing
 11689 | D:11     | Reached XP level 12. HP: 123/123 MP: 19/23
 11846 | D:11     | Got a serpentine silver ring
 11847 | D:11     | Identified the ring "Wuolyfax" {Ice MR+} (You found it on level 11 of the Dungeon)
 12131 | Lair:1   | Entered Level 1 of the Lair of Beasts
 12141 | Lair:1   | Offered knowledge of Iskenderun's Mystic Blast by Vehumet.
 12720 | Lair:1   | Reached skill level 10 in Fighting
 13164 | Lair:2   | Found a staircase to the Snake Pit.
 13257 | Lair:2   | Reached skill level 1 in Armour
 13343 | Lair:2   | Found a staircase to the Swamp.
 13420 | Lair:2   | Found a burning altar of Makhleb.
 14642 | Lair:3   | Reached skill level 11 in Fighting
 14781 | Lair:3   | Reached XP level 13. HP: 79/137 MP: 18/26
 15083 | Lair:3   | Reached skill level 5 in Dodging
 15163 | Lair:3   | Got a dazzling great sword
 15164 | Lair:3   | Identified the +12 great sword "Utisouc" {freeze, rElec rF+} (You found it on level 3 of the Lair of Beasts)
 15259 | Lair:3   | Reached ***** piety under Vehumet
 15259 | Lair:3   | Offered knowledge of Ozocubu's Refrigeration by Vehumet.
 15949 | Lair:4   | Reached skill level 5 in Armour
 16817 | Lair:4   | Got a fine robe
 16828 | Lair:4   | Identified the cursed +1 robe of Lies {+Fly rCorr} (You found it on level 4 of the Lair of Beasts)
 17034 | Lair:5   | Noticed Kirke
 17042 | Lair:5   | Reached skill level 1 in Shields
 17047 | Lair:4   | Reached skill level 1 in Maces & Flails
 17135 | Lair:4   | Learned a level 4 spell: Animate Dead
 17156 | Lair:4   | Killed Kirke
 17466 | Lair:5   | Reached XP level 14. HP: 91/146 MP: 13/27
 17734 | Lair:5   | Reached skill level 5 in Shields
 17748 | Lair:5   | Reached skill level 1 in Necromancy
 17841 | Lair:5   | Offered knowledge of Bolt of Fire by Vehumet.
 17847 | Lair:5   | Noticed Rupert
 17888 | Lair:5   | Killed Rupert
 17888 | Lair:5   | Reached skill level 5 in Maces & Flails
 18098 | Lair:5   | Got a warped long sword
 18284 | Lair:6   | Entered Level 6 of the Lair of Beasts
 18803 | Lair:6   | Learned a level 6 spell: Bolt of Fire
 19903 | Lair:6   | Found a staircase to the Slime Pits.
 20627 | D:10     | Killed Erolcha
 20627 | D:10     | Reached XP level 15. HP: 137/153 MP: 13/28
 20712 | D:10     | Killed Snorg
 21234 | D:10     | Offered knowledge of Lee's Rapid Deconstruction by Vehumet.
 21325 | Orc:1    | Entered Level 1 of the Orcish Mines
 21451 | Orc:1    | Noticed Josephine
 21463 | Orc:1    | Killed Josephine
 21899 | Orc:2    | Entered Level 2 of the Orcish Mines
 21903 | Orc:2    | Noticed an orc warlord
 22074 | Orc:2    | Killed an orc warlord
 22249 | Orc:2    | Found Jujibyufiwk's Jewellery Shop.
 22604 | Orc:2    | Offered knowledge of Iron Shot by Vehumet.
 22675 | Orc:2    | Found a staircase to the Elven Halls.
 22837 | Orc:2    | Found Tocal's Antique Armour Shoppe.
 22837 | Orc:2    | Found Xulaamew's Antique Weapon Shop.
 22838 | Orc:2    | Found Nuun's General Store.
 22838 | Orc:2    | Found Hiplanos's Weapon Shoppe.
 22848 | Orc:2    | Bought a scroll of immolation for 56 gold pieces
 22848 | Orc:2    | Bought a scroll of enchant weapon for 120 gold pieces
 22999 | Orc:2    | Paralysed by an orc sorcerer for 5 turns
 24441 | D:13     | Offered knowledge of Poison Arrow by Vehumet.
 24442 | D:13     | Reached skill level 10 in Spellcasting
 24550 | D:13     | Found a frozen archway.
 24562 | IceCv    | Entered an ice cave
 24576 | IceCv    | Reached XP level 16. HP: 103/162 MP: 4/30
 25728 | D:13     | Found a blossoming altar of Fedhas.
 25736 | D:13     | Reached skill level 10 in Maces & Flails
 26337 | D:13     | Learned a level 6 spell: Poison Arrow
 26442 | D:13     | Offered knowledge of Spellforged Servitor by Vehumet.
 26735 | D:13     | Found a runed door.
 27201 | D:13     | Reached skill level 1 in Poison Magic
 27745 | D:14     | Found a gate to the Vaults.
 27755 | D:13     | Learned a level 2 spell: Blink
 27758 | D:13     | Learned a level 2 spell: Repel Missiles
 28296 | D:14     | Reached ****** piety under Vehumet
 28296 | D:14     | Offered knowledge of Freezing Cloud by Vehumet.
 28632 | D:14     | Found a basalt altar of Yredelemnul.
 28672 | D:14     | Reached skill level 5 in Poison Magic
 28851 | D:15     | Entered Level 15 of the Dungeon
 29018 | D:15     | Found a labyrinth entrance.
 29043 | Lab      | Entered a labyrinth
 29286 | Lab      | Reached XP level 17. HP: 161/170 MP: 11/32
 29336 | Lab      | Identified Easy Rites and Rhymes
 29337 | Lab      | Got a fine granite ring
 29346 | Lab      | Identified the ring of the Yeti {rF- Str+4 Int+3 Stlth-} (You found it in a labyrinth)
 29835 | D:15     | Learned a level 7 spell: Delayed Fireball
 30273 | D:15     | Found a staircase to the Depths.
 30428 | Snake:1  | Entered Level 1 of the Snake Pit
 30585 | Snake:1  | Identified a scroll of acquirement
 31101 | Snake:1  | Offered knowledge of Lehudib's Crystal Spear by Vehumet.
 31101 | Snake:1  | Offered knowledge of Fire Storm by Vehumet.
 31101 | Snake:1  | Offered knowledge of Shatter by Vehumet.
 32218 | Snake:2  | Reached skill level 12 in Fighting
 33068 | Snake:2  | Noticed Louise
 33071 | Snake:2  | Killed Louise
 33525 | Snake:2  | Reached skill level 13 in Fighting
 34377 | Snake:3  | Reached XP level 18. HP: 185/185 MP: 20/35
 35963 | Snake:3  | Found Litil's General Store.
 35974 | Snake:3  | Bought a beef jerky for 19 gold pieces
 35974 | Snake:3  | Bought 3 fruits for 58 gold pieces
 35974 | Snake:3  | Bought a wand of disintegration (10/24) for 182 gold pieces
 35974 | Snake:3  | Bought a scroll of magic mapping for 45 gold pieces
 36673 | Snake:4  | Entered Level 4 of the Snake Pit
 36775 | Snake:2  | Reached skill level 14 in Fighting
 37192 | Snake:4  | Noticed Asterion
 37439 | Snake:4  | Noticed Vashnia
 37580 | Snake:4  | Killed Asterion
 37599 | Snake:4  | Noticed Nikola
 38116 | Swamp:1  | Entered Level 1 of the Swamp
 39794 | Swamp:2  | Reached skill level 15 in Fighting
 39974 | Swamp:3  | Paralysed by a hornet for 1 turns
 40060 | Swamp:3  | Reached XP level 19. HP: 201/201 MP: 25/37
 40308 | Swamp:3  | Noticed Donald
 40313 | Swamp:3  | Killed Donald
 40469 | Swamp:4  | Entered Level 4 of the Swamp
 41526 | Swamp:4  | Gained mutation: You are partially covered in icy blue scales. (AC +2) [potion of beneficial mutation]
 41838 | Swamp:4  | Got a decaying rune of Zot
 42200 | Snake:4  | Killed Nikola
 42288 | Snake:4  | Killed Vashnia
 42635 | Snake:4  | Noticed Jorgrun
 42639 | Snake:4  | Killed Jorgrun
 42779 | Snake:4  | Reached skill level 16 in Fighting
 44779 | Snake:4  | Reached XP level 20. HP: 184/215 MP: 26/38
 45081 | Snake:4  | Reached skill level 15 in Maces & Flails
 45919 | Snake:4  | Got a serpentine rune of Zot
 46403 | Elf:1    | Entered Level 1 of the Elven Halls
 46776 | Elf:1    | Identified Sif Muna's Catalogue of Companions
 46791 | Elf:1    | Learned a level 1 spell: Summon Butterflies
 46859 | Elf:1    | Reached skill level 17 in Fighting
 46861 | Elf:1    | Reached skill level 10 in Dodging
 47127 | Elf:1    | Noticed Roxanne
 48159 | Elf:2    | Got a crude great mace
 48277 | Elf:2    | Found Vyutuc's Gadget Boutique.
 48630 | Elf:2    | Found a huge runed gate.
 48632 | Elf:2    | Found a huge runed gate.
 48632 | Elf:2    | Found a huge runed gate.
 48633 | Elf:2    | Found a huge runed gate.
 48633 | Elf:2    | Found a huge runed gate.
 48864 | Elf:3    | Entered Level 3 of the Elven Halls
 49093 | Elf:3    | Reached skill level 15 in Spellcasting
 49210 | Elf:3    | Found Muweutru's Armour Shoppe.
 49267 | Elf:3    | Noticed Bai Suzhen
 49279 | Elf:3    | Killed Bai Suzhen
 50017 | Elf:3    | Reached XP level 21. HP: 206/227 MP: 19/40
 50151 | Elf:3    | Cast into level 3 of the Abyss (a deep elf sorcerer)
 50303 | Abyss:3  | Found a corrupted altar of Lugonu.
 50426 | Abyss:3  | Found a corrupted altar of Lugonu.
 50660 | Abyss:3  | Gained mutation: Armour fits poorly on your strangely shaped body. [a cacodemon]
 50853 | Abyss:3  | Got an abyssal rune of Zot
 50993 | Abyss:3  | Found a corrupted altar of Lugonu.
 51079 | Elf:3    | Escaped the Abyss
 52202 | Elf:3    | Got steaming storm dragon scales
 52236 | Elf:2    | Identified the cursed +0 storm dragon scales of Zaudd {rElec MR++ Int+3} (You took it off a deep elf master archer on level 3 of the Elven Halls)
 52353 | Elf:3    | Got a sparkling platinum ring
 52511 | Elf:3    | Identified the ring "Ecocsuac" {rF+ MR+} (You took it off a deep elf high priest on level 3 of the Elven Halls)
 52614 | Elf:3    | Got a brightly glowing copper amulet
 52618 | Elf:3    | Identified the amulet "Yteamock" {*Slow +Rage rPois rN+ Int+2} (You took it off a deep elf sorcerer on level 3 of the Elven Halls)
 52621 | Elf:3    | Got a twitching golden ring
 52623 | Elf:3    | Identified the cursed ring of Coopsam {MP+9 AC-2} (You took it off a deep elf mage on level 3 of the Elven Halls)
 52693 | Elf:3    | Identified Leig's Handbook of Transformation and Earth
 52696 | Elf:3    | Identified Rein's Guide on Conjuration and Darkness
 52702 | Elf:3    | Learned a level 3 spell: Regeneration
 53075 | Lair:1   | Upgraded the game from 0.20-a0-464-g526fb3c to 0.20-a0-1127-g1289703
 53146 | Lair:1   | Quit the game

Vault maps used:
D:1:      dpeg_arrival_boxes_within_box
D:2:      minmay_misc_feat_x
D:3:      kennysheep_six_static_rooms, nicolae_overflow_crystal_walls
D:4:      nemelex_xobeh_ov_fountains_minmay,
          chequers_temple_overflow_statue_of_worship
D:5:      first_bread, uniq_duvessa
D:6:      uniq_menkaure
D:7:      dancing_weapons_uskayaw, lemuel_coloured_pillars_altar, uniq_pikel
D:8:      minmay_separated_statues, serial_shops, nicolae_shop_statue_plus
D:9:      basic_altar
D:10:     orc_0_dummy, hangedman_stone_soup, minmay_misc_feat_roman, uniq_snorg,
          uniq_erolcha
D:11:     erik_lair_island, minmay_radiant, uniq_gastronok
D:13:     mludivico_vault, serial_ice, serial_ice_l, serial_ice_f, serial_ice_e,
          serial_ice_o, serial_ice_d, serial_ice_b, serial_ice_m, serial_ice_a,
          portal_ice_cave_demonic_guard, grunt_ministairs_1,
          hangedman_tree_tricks
D:14:     david_vaults_3, yredelemnul_altar_generic
D:15:     gammafunk_enter_depths_forms, lab_entry_generic
Temple:   regret_index_temple_generic_petals
Lair:1:   beast_lair_carwin_large_3
Lair:2:   swamp_mist, guppyfry_snake_entry_island, basic_altar,
          minmay_stone_trees_small
Lair:3:   minmay_lair_oklob_chamber
Lair:5:   serial_bayou_ford_a, uniq_rupert, uniq_kirke
Lair:6:   minmay_lair_end_enchanted_forest, minmay_slime_entry_oklob_open
Swamp:1:  evilmike_swamp_ruin_house_2, infiniplex_staircase_pool
Swamp:2:  evilmike_swamp_ruin_house_5, swamp_pool5
Swamp:3:  evilmike_swamp_ruin_house_6, swamp_pool4, ldierk_geyser, uniq_donald
Swamp:4:  swamp_alternative, swamp_pool2
Snake:1:  st_stairs_10
Snake:2:  basic_loot_grate_trap, uniq_louise
Snake:3:  minmay_snake_river, serial_shops, nicolae_shop_crystal
Snake:4:  snake_pit, lemuel_fruit_tree, uniq_asterion, uniq_nikola,
          uniq_jorgrun, uniq_vashnia
Orc:1:    uniq_josephine
Orc:2:    st_orc_ogre_mass, serial_shops, shop
Elf:1:    minmay_elf_demonology, uniq_roxanne
Elf:2:    serial_shops, nicolae_shop_behind_doors
Elf:3:    minmay_elf_hall_not_hex, serial_shops, shop, grunt_megastairs_4,
          uniq_bai_suzhen
IceCv:    ice_cave_small_giant

Skill      XL: |  1  2  3  4  5  6  7  8  9 10 11 12 13 14 15 16 17 18 19 20 21 |
---------------+----------------------------------------------------------------+-----
Conjurations   | 1 2 3 4 5 6 8 9 10 11 12 13 | 13.3
Fire Magic     | 3 4 5 7 8 9 10 11 12 | 12.7
Spellcasting   | 3 4 6 7 9 10 11 13 14 15 | 15.1
Fighting       | 4 6 7 9 11 13 15 16 17 | 17.9
Dodging        | 4 6 7 9 10 | 10.4
Armour         | 3 6 9 |  9.7
Shields        | 4 8 9 |  9.0
Maces & Flails | 4 7 9 10 11 13 14 15 16 | 16.0
Necromancy     | 4 |  4.0
Poison Magic   | 5 7 |  7.0
Stealth        | |  1.5

Action                   |  1- 3 |  4- 6 |  7- 9 | 10-12 | 13-15 | 16-18 | 19-21 || total
-------------------------+-------+-------+-------+-------+-------+-------+-------++-------
Melee: Whip              |    33 |     3 |    36 |   351 |   833 |   559 |       ||  1815
       Spear             |       |    44 |    59 |       |       |       |       ||   103
       Mace              |       |       |    16 |       |       |       |       ||    16
       Great sword       |       |       |       |       |    27 |       |       ||    27
       Eveningstar       |       |       |       |       |       |   309 |   647 ||   956
Throw: Stone             |     2 |       |       |       |       |       |       ||     2
 Cast: Flame Tongue      |    52 |   128 |    71 |    69 |    40 |    30 |       ||   390
       Throw Flame       |       |     5 |    21 |    47 |     8 |       |       ||    81
       Conjure Flame     |       |     6 |     9 |    29 |    29 |    24 |     6 ||   103
       Sticky Flame      |       |     1 |    30 |    76 |   126 |    72 |    71 ||   376
       Fireball          |       |       |       |    13 |   142 |    42 |    95 ||   292
       Dazzling Spray    |       |       |       |     1 |       |     6 |       ||     7
       Animate Dead      |       |       |       |       |    13 |    27 |    14 ||    54
       Bolt of Fire      |       |       |       |       |    45 |   356 |   299 ||   700
       Poison Arrow      |       |       |       |       |       |    40 |    14 ||    54
       Blink             |       |       |       |       |       |    10 |     6 ||    16
       Repel Missiles    |       |       |       |       |       |     8 |     7 ||    15
       Delayed Fireball  |       |       |       |       |       |     1 |     1 ||     2
 Abil: Release Delayed F |       |       |       |       |       |       |     1 ||     1
Evoke: Wand              |       |       |       |     2 |     2 |    11 |    13 ||    28
       Phantom mirror    |       |       |       |       |     1 |     1 |       ||     2
  Use: Potion            |       |     2 |       |     1 |     2 |     7 |    14 ||    26
       Scroll            |       |       |     6 |     8 |    17 |    22 |    25 ||    78
 Stab: Sleeping          |       |     1 |     1 |     1 |       |       |       ||     3
       Distracted        |       |       |       |       |     1 |     2 |     3 ||     6
       Invisible         |       |       |       |       |       |     1 |       ||     1
       Confused          |       |       |       |       |       |     1 |       ||     1
  Eat: Chunk             |     2 |     8 |    15 |    29 |    74 |    88 |    50 ||   266
       Buggy             |       |       |     2 |     2 |     2 |     4 |     2 ||    12
       Meat ration       |       |       |     1 |       |       |       |     5 ||     6
       Buggy             |       |       |       |       |     2 |     5 |     4 ||    11
       Fruit             |       |       |       |       |     5 |    27 |    11 ||    43
       Bread ration      |       |       |       |       |       |     8 |     7 ||    15
       Royal jelly       |       |       |       |       |       |     2 |     1 ||     3
Armor: Robe              |    35 |    12 |    44 |    30 |       |       |       ||   121
       Troll leather arm |       |       |       |   187 |   272 |   291 |    62 ||   812
       Skin              |       |       |       |       |     5 |       |     4 ||     9
       Swamp dragon scal |       |       |       |       |       |       |    87 ||    87
       Storm dragon scal |       |       |       |       |       |       |   136 ||   136
Dodge: Dodged            |    44 |    48 |    64 |   241 |   390 |   444 |   245 ||  1476
       Deflected         |       |       |       |       |       |    23 |    32 ||    55
Block: Shield            |       |       |       |       |   379 |   511 |   369 ||  1259
       Reflection        |       |       |       |       |       |       |    51 ||    51
       Rpst.: Great sword |       |       |       |       |     8 |       |       ||     8
